 Dungeon Crawl Stone Soup version 0.20.1-1-g8b1a95d (webtiles) character file.

235721 letownia2 the Executioner (level 18, -2/168 HPs)
             Began as a Deep Dwarf Necromancer on Nov 5, 2017.
             Was an Initiate of Gozag.
             Slain by an orc knight
             ... wielding a +3 war axe of flaming
              (16 damage)
             ... on level 1 of the Vaults.
             The game lasted 02:13:56 (39398 turns).

letownia2 the Executioner (Deep Dwarf Necromancer) Turns: 39398, Time: 02:13:57

Health: -2/168     AC: 20    Str: 25    XL:     18   Next: 91%
Magic:  7/29       EV: 16    Int: 29    God:    Gozag
Gold:   2734       SH:  0    Dex: 16    Spells: 20/37 levels left

rFire    . . .     SeeInvis +   a - +6 battleaxe
rCold    + . .     Gourm    .   (shield currently unavailable)
rNeg     + + .     Faith    .   e - +1 plate armour "Vesyem" {rCorr Int+7}
rPois    +         Spirit   .   N - +0 helmet
rElec    +         Reflect  .   M - +2 ratskin cloak {+Rats rPois rN+ Str-1 Int-1 Dex+1}
rCorr    +         Harm     .   T - +0 pair of gloves "Ysirua" {rC+ Regen+} (curse)
MR       ++...                  W - +2 pair of boots "Liuhiloz" {Int+4}
Stlth    ..........             w - amulet "Omaff" {Regen+ Str+5 Slay+3}
Regen    0.0/turn               G - ring of Yredelemnul's Hope {rElec Str+4 Dex+2 SInv}
MPRegen  0.3/turn               J - +5 ring of evasion

@: gold aura, non-regenerating
A: damage resistance, heal wounds, deformed body, low mp 1, negative energy
resistance 1, sense surroundings 3, no regeneration
}: 1/15 runes: serpentine
a: Heal Wounds, Potion Petition, Call Merchant, Bribe Branch, Renounce Religion,
Evoke Ratskin


You were on level 1 of the Vaults.
You worshipped Gozag.
Gozag was most pleased with you.
You were not hungry.

You visited 7 branches of the dungeon, and saw 32 of its levels.
You visited 1 bazaar.

You collected 13078 gold pieces.
You spent 1575 gold pieces at shops.
You paid 8769 gold pieces to Gozag.

Inventory:

Hand Weapons
 a - a +6 battleaxe (weapon)
 b - the +3 quarterstaff of Pandemonium {flame, +Inv rElec Int+6 Dex-2}
   (You found it on level 1 of the Snake Pit)

   It has been specially enchanted to burn those struck by it, causing extra
   injury to most foes and up to half again as much damage against particularly
   susceptible opponents.
   It affects your intelligence (+6).
   It affects your dexterity (-2).
   It insulates you from electricity.
   It lets you turn invisible.
 d - a +5 antimagic executioner's axe
Missiles
 y - 5 throwing nets (quivered)
Armour
 e - the +1 plate armour "Vesyem" (worn) {rCorr Int+7}
   (You bought it in a shop in a bazaar)

   It affects your intelligence (+7).
   It protects you from acid and corrosion.
 t - a +2 chain mail of cold resistance
 C - the +7 ring mail of Xol Faur {Str+3}
   (You found it on level 1 of the Lair of Beasts)

   It affects your strength (+3).
 M - the +2 ratskin cloak (worn) {+Rats rPois rN+ Str-1 Int-1 Dex+1}
   (You found it on level 6 of the Dungeon)

   It affects your strength (-1).
   It affects your intelligence (-1).
   It affects your dexterity (+1).
   It protects you from poison.
   It protects you from negative energy.
 N - a +0 helmet (worn)
 T - the cursed +0 pair of gloves "Ysirua" (worn) {rC+ Regen+}
   (You found it on level 2 of the Lair of Beasts)

   It protects you from cold.
   It increases your rate of regeneration.
   It has a curse placed upon it.
 W - the +2 pair of boots "Liuhiloz" (worn) {Int+4}
   (You bought it in a shop on level 2 of the Lair of Beasts)

   It affects your intelligence (+4).
Jewellery
 l - an uncursed ring of magical power
 p - an uncursed ring of protection from fire
 w - the amulet "Omaff" (around neck) {Regen+ Str+5 Slay+3}
   (You found it on level 1 of the Vaults)

   [amulet of regeneration]

   It affects your strength (+5).
   It affects your accuracy and damage with ranged weapons and melee attacks
   (+3).
   It increases your rate of regeneration.
 z - an uncursed ring of ice
 G - the ring of Yredelemnul's Hope (left hand) {rElec Str+4 Dex+2 SInv}
   (You found it on level 5 of the Lair of Beasts)

   [ring of strength]

   It affects your strength (+4).
   It affects your dexterity (+2).
   It insulates you from electricity.
   It lets you see invisible.
 J - a +5 ring of evasion (right hand)
 Y - an uncursed ring of fire
Wands
 g - a wand of flame (23/48)
 r - a wand of confusion (7/48)
 A - a wand of acid (6/15)
 D - a wand of confusion (22/48)
 R - a wand of confusion (36/48)
 S - a wand of clouds (2/9)
 V - a wand of confusion (13/48)
 X - a wand of digging (11/24)
Scrolls
 h - a scroll of fear
 i - a scroll of identify
 v - 9 scrolls of teleportation
 x - 10 scrolls of remove curse
 I - a scroll of summoning
Potions
 f - a potion of lignification
 j - 9 potions of heal wounds
 k - a potion of magic
 m - a potion of invisibility
 n - 2 potions of berserk rage
 o - 2 potions of haste
 q - 5 potions of agility
 s - 9 potions of curing
 u - 6 potions of might
 E - 2 potions of resistance
 K - 8 potions of mutation
 O - 2 potions of brilliance
 P - 6 potions of flight
 U - a potion of ambrosia
Books
 F - a book of Transfigurations

   Spells                             Type                      Level
   a - Irradiate                      Conjuration/Transmutation    5
   b - Statue Form                    Transmutation/Earth          6
   c - Hydra Form                     Transmutation                6
   d - Dragon Form                    Transmutation                7
Miscellaneous
 B - a lightning rod (4/4)
 L - a phial of floods
 Z - a phantom mirror
Comestibles
 c - 10 bread rations
 H - 13 royal jellies


   Skills:
 - Level 11.9 Fighting
 + Level 22.0 Axes
 + Level 10.2 Armour
 - Level 7.0 Dodging
 - Level 2.4 Stealth
 + Level 10.3 Spellcasting
 - Level 2.4 Conjurations
 - Level 2.3 Charms
 - Level 16.1 Necromancy
 + Level 5.1 Air Magic
 - Level 2.3 Poison Magic
 - Level 8.6 Evocations


You had 20 spell levels left.
You knew the following spells:

 Your Spells              Type           Power        Failure   Level  Hunger
a - Pain                  Necr           ####         1%          1    None
e - Mephitic Cloud        Conj/Pois/Air  ####....     26%         3    None
j - Portal Projectile     Hex/Tloc       ##....       71%         3    None
q - Poisonous Vapours     Pois/Air       #####.       12%         2    None
s - Swiftness             Chrm/Air       #####...     12%         2    None
v - Vampiric Draining     Necr           #######...   1%          3    None
x - Inner Flame           Hex/Fire       ##......     71%         3    None


Dungeon Overview and Level Annotations

Branches:
Dungeon (15/15)            Temple (1/1) D:4            Lair (6/6) D:9
  Swamp (0/4) Lair:2        Snake (4/4) Lair:3          Orc (2/2) D:11
    Elf (3/3) Orc:2        Vaults (1/5) D:13         Depths (0/5) D:15
  Slime: Lair:5-6

Altars:
Ashenzari
Cheibriados
Dithmenos
Elyvilon
Fedhas
Gozag
Hepliaklqana
Kikubaaqudgha
Makhleb
Nemelex Xobeh
Qazlal
Ru
Sif Muna
Trog
Uskayaw
Vehumet
Xom
Yredelemnul
Zin
Beogh

Shops:
D:12 *   D:14 *   Orc:2 *:([   Elf:1 :   Elf:3 *   Lair:2 *([[(=[[
Snake:4 :=[*

Annotations:
D:4 Grinder
D:5 exclusion: worm
D:14 1 exclusion
D:15 1 exclusion
Elf:2 2 runed doors
Elf:3 exclusion: 3 doors


Innate Abilities, Weirdness & Mutations

You are resistant to damage.
You can heal yourself by infusing magical energy.
You resist negative energy. (rN+)
You passively map a large area around you.
You do not regenerate.
Armour fits poorly on your strangely shaped body.
Your magical capacity is low. (-10% MP)


Message History

Unknown command.
Unknown command.
Unknown command.
Casting: Vampiric Draining
Confirm with . or Enter, or press ? or * to list all spells.
Aiming: Vampiric Draining
Press: ? - help, Shift-Dir - straight line, f - orc knight
Aim: an orc knight, wielding a war axe of flaming and wearing a plate armour (noxious fumes, heavily wounded, unusually strong, confused)
The orc knight is severely wounded.
You feel life coursing into your body.
The orc knight hits you with a battleaxe!!
* * * LOW HITPOINT WARNING * * *
The cyclops is engulfed in noxious fumes.
The cyclops barely misses you.
The orc knight is engulfed in noxious fumes.
The orc knight hits the orc knight with a war axe of flaming!
The orc knight burns the orc knight.
The orc knight hits you with a war axe of flaming!!
You die...
Your body crumbles into a pile of gold.

##...## $, ##...## $ ,
, #.....# , ##..#
######'###### ,.....#
.............# * ....#
*.###.###.#)#.# ...c#
,# #o#.#(#.# *#....##
,#####o#####.# *......#
,#..co@Cp.)..###......#
,###O###c###.##........
#.".#...#.##...##...
#######)###(#...## , *
#)...(..#$$$$...# **,
,#####)#####.##...#* ,
* #.#, #.##...... ,###
#.###...... , ,,, ,..#
......


You could see 2 orc knights, a cyclops (confused), an ironbrand convoker, a
yaktaur, an ogre, a centaur and an orc.

Vanquished Creatures
  Vashnia (Snake:3)
  Saint Roka (Snake:2)
  Jorgrun (Snake:3)
  10 nagarajas (Snake:4)
  A deep elf sorcerer (Elf:3)
  Aizul (Elf:1)
  A vault warden (Vaults:1)
  2 orc warlords (Orc:2)
  Louise (Snake:1)
  2 ironheart preservers (Vaults:1)
  2 deep elf demonologists
  Azrael (D:14)
  A very ugly thing (D:14)
  A deep elf annihilator (Elf:1)
  An ettin (Orc:2)
  A great orb of eyes (Vaults:1)
  A yaktaur captain (Vaults:1)
  Josephine (Orc:2)
  The ghost of Klein the Thaumaturge, a journeyman SpEn of Ashenzari (D:14)
  Harold (D:11)
  2 ice dragons (Vaults:1)
  5 hydras
  7 vault guards
  13 naga warriors
  A catoblepas (Lair:3)
  2 ogre magi
  18 anacondas
  A death knight (D:15)
  8 two-headed ogres
  An orc high priest (Orc:2)
  8 shock serpents
  17 naga sharpshooters
  Sonja (D:15)
  8 deep elf knights
  Nergalle (D:10)
  The ghost of letownia2 the Reanimator, a novice DDNe of Gozag (D:8)
  A skeletal warrior (D:13)
  2 salamander mystics
  3 unseen horrors
  7 sea snakes (Snake:4)
  18 naga ritualists
  A wizard (D:14)
  5 ironbrand convokers (Vaults:1)
  Pikel (D:8)
  8 deep elf archers
  5 orc knights
  19 mana vipers
  12 ugly things
  An oklob plant (Lair:5)
  32 deep elf magi
  17 salamanders
  4 orc sorcerers
  2 manticores
  2 wolf spiders
  9 cyclopes
  2 centaur zombies
  9 guardian serpents
  24 naga magi
  10 elephants
  Maurice (D:9)
  63 black mambas
  2 vault sentinels (Vaults:1)
  7 spiny frogs
  5 centaur skeletons
  2 gargoyles
  A rime drake (Lair:5)
  3 yaktaurs
  An efreet (D:13)
  5 komodo dragons
  A tengu conjurer (D:15)
  A queen bee (Lair:2)
  6 meliai
  A polar bear (Lair:4)
  A tyrant leech (Lair:2)
  A hornet (D:10)
  5 trolls
  A hornet (shapeshifter) (D:14)
  5 slime creatures
  6 dream sheep
  13 hippogriffs
  9 blink frogs
  3 shadows
  A meliai zombie (D:13)
  3 air elementals
  Sigmund (D:5)
  A vampire (D:15)
  A tarantella (shapeshifter) (D:14)
  A spriggan (shapeshifter) (D:14)
  5 wyverns
  3 water elementals
  3 basilisks
  21 yaks
  4 wraiths
  Eustachio (D:5)
  3 fire elementals
  A hog (shapeshifter) (Elf:2)
  61 nagas
  3 wargs (Orc:2)
  Edmund (D:5)
  A soldier ant (D:13)
  2 hell hounds
  2 acid dragons
  8 porcupines
  Duvessa (D:5)
  8 water moccasins
  5 black bears
  36 orc warriors
  7 ice beasts
  6 sky beasts
  3 slaves
  2 eyes of draining
  A necrophage (D:12)
  3 phantoms
  20 centaurs
  11 ogres
  8 wolves
  10 crocodiles
  12 big kobolds
  Blork the orc (D:6)
  22 bullfrogs
  A gnoll sergeant (D:9)
  3 earth elementals
  A water moccasin zombie (D:10)
  A wyvern skeleton (D:12)
  8 scorpions
  Dowan (D:5)
  32 killer bees
  28 wights
  2 electric eels (Elf:3)
  4 howler monkeys
  6 crimson imps
  2 bullfrog zombies
  A quasit (D:11)
  4 hounds
  An iron imp (D:7)
  4 jellies
  21 orc priests
  6 iguanas
  5 bullfrog skeletons
  15 orc wizards
  8 worker ants
  Ijyb (D:3)
  A hound skeleton (D:7)
  A worker ant zombie (D:6)
  10 gnolls
  A howler monkey skeleton (D:11)
  15 adders
  2 shadow imps
  3 oozes
  An adder zombie (D:8)
  4 dart slugs
  5 leopard geckos
  57 orcs
  5 bats
  4 giant cockroaches
  7 goblins
  7 hobgoblins
  6 jackals
  65 kobolds
  A quokka (D:12)
  9 frilled lizards
  2 quokka skeletons
  8 rats
  A fungus (Lair:2)
  A plant (Lair:5)
1117 creatures vanquished.

Vanquished Creatures (collateral kills)
  A cyclops (D:15)
1 creature vanquished.

Vanquished Creatures (others)
  15 dancing weapons
  A naga sharpshooter (Snake:3)
  Urug (D:10)
  2 nagas (Snake:4)
  A kobold (D:5)
  A bush (Lair:5)
  2 fire vortices (Lair:4)
  14 fungi
  5 plants
42 creatures vanquished.

Grand Total: 1160 creatures vanquished

Notes
Turn   | Place    | Note
-------+----------+-------------------------------------------
     0 | D:1      | letownia2 the Deep Dwarf Necromancer began the quest for the Orb.
     0 | D:1      | Reached XP level 1. HP: 15/15 MP: 3/3
   209 | D:1      | Reached XP level 2. HP: 22/22 MP: 1/5
   556 | D:2      | Found a hazy altar of Hepliaklqana.
   632 | D:3      | Reached skill level 5 in Necromancy
   692 | D:4      | Reached XP level 3. HP: 28/28 MP: 1/6
   697 | D:4      | Learned a level 3 spell: Vampiric Draining
   903 | D:4      | Reached XP level 4. HP: 33/36 MP: 7/7
  1228 | D:4      | Noticed Grinder
  1292 | D:4      | Found a staircase to the Ecumenical Temple.
  1311 | Temple   | Entered the Ecumenical Temple
  1339 | Temple   | Became a worshipper of Gozag Ym Sagoz the Greedy
  1489 | D:3      | Reached XP level 5. HP: 34/42 MP: 8/8
  1882 | D:3      | Noticed Ijyb
  1889 | D:3      | Killed Ijyb
  2277 | D:2      | Reached XP level 6. HP: 44/49 MP: 11/11
  2366 | D:2      | Found a shimmering altar of Xom.
  2367 | D:2      | Noticed a spectral ugly thing
  2770 | D:1      | Reached skill level 1 in Armour
  3317 | D:5      | Entered Level 5 of the Dungeon
  3324 | D:5      | Found a snail-covered altar of Cheibriados.
  3355 | D:5      | Reached skill level 1 in Evocations
  3371 | D:5      | Noticed Dowan
  3382 | D:5      | Noticed Duvessa
  3421 | D:5      | Killed Dowan
  3422 | D:5      | Killed Duvessa
  3422 | D:5      | Reached XP level 7. HP: 26/55 MP: 0/13
  3516 | D:5      | Noticed Sigmund
  3526 | D:5      | Noticed Edmund
  3542 | D:5      | Killed Edmund
  3626 | D:5      | Noticed Eustachio
  3647 | D:5      | Killed Eustachio
  4203 | D:5      | Reached XP level 8. HP: 41/63 MP: 14/14
  4243 | D:5      | Reached skill level 1 in Fighting
  4371 | D:5      | Reached skill level 5 in Spellcasting
  4518 | D:5      | Killed Sigmund
  4987 | D:6      | Found a bloodstained altar of Trog.
  4987 | D:6      | Found a shadowy altar of Dithmenos.
  5371 | D:6      | Noticed Blork the orc
  5380 | D:6      | Killed Blork the orc
  5566 | D:6      | Gained mutation: You passively map the area around you. [Deep Dwarf growth]
  5566 | D:6      | Reached XP level 9. HP: 74/78 MP: 17/18
  6101 | D:7      | Found a burning altar of Makhleb.
  6103 | D:7      | Found a radiant altar of Vehumet.
  6496 | D:7      | Found a stormy altar of Qazlal.
  6829 | D:7      | Found a white marble altar of Elyvilon.
  7143 | D:8      | Noticed a two-headed ogre
  7218 | D:8      | Killed a two-headed ogre
  7575 | D:8      | Noticed letownia2's ghost (novice DDNe)
  7661 | D:9      | Found a staircase to the Lair.
  7661 | D:9      | Noticed an elephant
  7673 | D:9      | Reached XP level 10. HP: 81/87 MP: 17/23
  7688 | D:9      | Killed an elephant
  7718 | D:9      | Found a basalt altar of Yredelemnul.
  7721 | D:9      | Found a glowing silver altar of Zin.
  7721 | D:9      | Found a shattered altar of Ashenzari.
  7735 | D:9      | Found a hide-covered altar of Uskayaw.
  7811 | D:9      | Noticed Maurice
  7853 | D:9      | Reached skill level 10 in Necromancy
  7878 | D:9      | Killed Maurice
  8124 | D:9      | Learned a level 2 spell: Swiftness
  8318 | D:9      | Reached skill level 5 in Evocations
  8486 | D:10     | Entered Level 10 of the Dungeon
  8698 | D:10     | Noticed Urug
  8768 | D:10     | Killed Urug
  8975 | D:10     | Reached skill level 1 in Axes
  8975 | D:10     | Reached XP level 11. HP: 76/93 MP: 24/24
  9041 | D:10     | Reached skill level 2 in Axes
  9150 | D:10     | Noticed a two-headed ogre
  9164 | D:10     | Killed a two-headed ogre
  9164 | D:10     | Reached skill level 3 in Axes
  9597 | D:9      | Reached skill level 4 in Axes
  9767 | D:11     | Found a staircase to the Orcish Mines.
  9802 | D:11     | Noticed Nergalle
  9826 | D:10     | Killed Nergalle
  9826 | D:10     | Reached skill level 5 in Armour
 10140 | D:11     | Noticed a two-headed ogre
 10172 | D:11     | Killed a two-headed ogre
 10257 | D:11     | Noticed a two-headed ogre
 10282 | D:11     | Killed a two-headed ogre
 10394 | D:8      | Noticed Pikel
 10420 | D:8      | Killed Pikel
 10426 | D:8      | Killed letownia2's ghost
 11103 | D:8      | Noticed a two-headed hydra
 11109 | D:8      | Killed a one-headed hydra
 11109 | D:8      | Reached skill level 5 in Axes
 11109 | D:8      | Reached XP level 12. HP: 88/100 MP: 8/25
 11385 | D:11     | Reached skill level 6 in Axes
 11425 | D:11     | Noticed Harold
 11448 | D:11     | Killed Harold
 11571 | Lair:1   | Entered Level 1 of the Lair of Beasts
 11663 | Lair:1   | Reached skill level 7 in Axes
 11922 | Lair:1   | Noticed a seven-headed hydra
 11936 | Lair:1   | Killed a five-headed hydra
 12281 | Lair:1   | Got a dazzling ring mail
 12292 | Lair:1   | Identified the +7 ring mail of Xol Faur {Str+3} (You found it on level 1 of the Lair of Beasts)
 12326 | Lair:2   | Reached skill level 8 in Axes
 12460 | Lair:2   | Found a staircase to the Swamp.
 12463 | Lair:2   | Got a pair of encrusted gloves
 12474 | Lair:2   | Identified the cursed +0 pair of gloves "Ysirua" {rC+ Regen+} (You found it on level 2 of the Lair of Beasts)
 13005 | Lair:2   | Reached skill level 9 in Axes
 13232 | Orc:1    | Entered Level 1 of the Orcish Mines
 13287 | Orc:2    | Entered Level 2 of the Orcish Mines
 13543 | Orc:1    | Reached skill level 15 in Necromancy
 14035 | Orc:2    | Reached XP level 13. HP: 96/108 MP: 26/26
 14258 | Orc:2    | Reached skill level 10 in Axes
 14263 | Orc:2    | Noticed an orc warlord
 14289 | Orc:2    | Killed an orc warlord
 14341 | Orc:2    | Paralysed by an orc sorcerer for 6 turns
 14343 | Orc:2    | Gained mutation: Your magical capacity is low. (-10% MP) [a neqoxec]
 14347 | Orc:2    | Gained mutation: Armour fits poorly on your strangely shaped body. [a neqoxec]
 14679 | Orc:2    | Found a roughly hewn altar of Beogh.
 14834 | Orc:2    | Noticed Josephine
 14839 | Orc:2    | Found Uloob's Antique Armour Shop.
 14846 | Orc:2    | Killed Josephine
 14854 | Orc:2    | Reached skill level 11 in Axes
 14907 | Orc:2    | Bought a smoking cloak for 237 gold pieces
 14963 | Orc:2    | Identified the +0 cloak of Elyvilon's Pride {MR+ Str+5 Dex-3} (You bought it in a shop on level 2 of the Orcish Mines)
 14989 | Orc:2    | Found Vumedomo's Antique Weapon Shop.
 15005 | Orc:2    | Found Haumium's General Store.
 15040 | Orc:2    | Noticed an ettin
 15072 | Orc:2    | Killed an ettin
 15119 | Orc:2    | Found a staircase to the Elven Halls.
 15145 | Orc:2    | Noticed an orc warlord
 15166 | Orc:2    | Killed an orc warlord
 15352 | Orc:2    | Found Fagusch's Book Shop.
 15639 | Lair:2   | Bought a pair of transparent boots for 256 gold pieces
 15649 | Lair:2   | Identified the +0 pair of boots of Twilight {Int+5} (You bought it in a shop on level 2 of the Lair of Beasts)
 15911 | D:12     | Found Emnano's General Store.
 16313 | D:12     | Reached skill level 5 in Fighting
 16971 | D:13     | Reached skill level 5 in Dodging
 16997 | D:13     | Found a sacrificial altar of Ru.
 17567 | D:14     | Reached skill level 12 in Axes
 17778 | D:13     | Found a gate to the Vaults.
 17805 | D:13     | Gained mutation: You resist negative energy. (rN+) [Deep Dwarf growth]
 17805 | D:13     | Reached XP level 14. HP: 86/120 MP: 24/24
 17928 | D:14     | Noticed Klein's ghost (journeyman SpEn)
 17956 | D:14     | Found Roywn's Assorted Antiques.
 18144 | D:14     | Killed Klein's ghost
 18144 | D:14     | Reached skill level 13 in Axes
 18213 | D:14     | Noticed a brown very ugly thing
 19090 | Lair:3   | Found a staircase to the Snake Pit.
 19808 | D:14     | Noticed Azrael
 19822 | D:14     | Killed Azrael
 19822 | D:14     | Reached skill level 14 in Axes
 19884 | D:14     | Killed a brown very ugly thing
 20329 | D:14     | Reached skill level 15 in Axes
 20481 | D:14     | Paralysed by a hornet for 2 turns
 20712 | D:14     | Bought 2 bubbling sapphire potions for 72 gold pieces
 22064 | Lair:4   | Learned a level 2 spell: Poisonous Vapours
 22068 | Lair:4   | Learned a level 3 spell: Mephitic Cloud
 22203 | Snake:1  | Entered Level 1 of the Snake Pit
 22366 | Snake:1  | Reached skill level 1 in Charms
 22366 | Snake:1  | Reached skill level 1 in Poison Magic
 22377 | Snake:1  | Reached skill level 1 in Conjurations
 22379 | Snake:1  | Reached skill level 1 in Air Magic
 22456 | Snake:1  | Reached XP level 15. HP: 99/126 MP: 25/25
 22643 | Snake:1  | Noticed Louise
 22660 | Snake:1  | Killed Louise
 22772 | Lair:5   | Got an iridescent quarterstaff
 23240 | Snake:1  | Identified the +3 quarterstaff of Jiso Ten Fewk {antimagic, *Noise rPois MR+} (You found it on level 5 of the Lair of Beasts)
 23271 | Snake:1  | Got a scorched quarterstaff
 23272 | Snake:1  | Identified the +3 quarterstaff of Pandemonium {flame, +Inv rElec Int+6 Dex-2} (You found it on level 1 of the Snake Pit)
 23595 | Lair:5   | Reached skill level 16 in Axes
 23613 | Lair:5   | Got a translucent wooden ring
 23615 | Lair:5   | Identified the ring of Yredelemnul's Hope {rElec Str+4 Dex+2 SInv} (You found it on level 5 of the Lair of Beasts)
 24065 | Snake:1  | Learned a level 3 spell: Inner Flame
 24069 | Snake:1  | Learned a level 3 spell: Portal Projectile
 24408 | Snake:2  | Noticed Saint Roka
 24433 | Snake:2  | Killed Saint Roka
 24732 | Snake:2  | Reached skill level 17 in Axes
 25702 | Snake:3  | Found a glowing silver altar of Zin.
 26032 | Snake:3  | Reached XP level 16. HP: 89/140 MP: 0/26
 26822 | Snake:3  | Noticed Vashnia
 26929 | Snake:3  | Killed Vashnia
 26929 | Snake:3  | Reached skill level 10 in Fighting
 27240 | Snake:3  | Noticed Jorgrun
 27249 | Snake:3  | Killed Jorgrun
 27965 | D:15     | Entered Level 15 of the Dungeon
 28137 | D:15     | Noticed Sonja
 28140 | D:15     | Reached skill level 18 in Axes
 28157 | D:15     | Killed Sonja
 28350 | D:15     | Identified a scroll of acquirement
 28423 | D:15     | Found a staircase to the Depths.
 28863 | Snake:4  | Entered Level 4 of the Snake Pit
 29599 | Snake:4  | Found Ekhlaj's Book Shoppe.
 29602 | Snake:4  | Found Casymel's Armour Emporium.
 29602 | Snake:4  | Found Exezicext's Jewellery Shoppe.
 29607 | Snake:4  | Found Ogatypsy's General Store.
 29846 | Snake:4  | Reached skill level 19 in Axes
 30346 | Snake:4  | Reached XP level 17. HP: 122/157 MP: 11/27
 31414 | Snake:4  | Reached skill level 20 in Axes
 32536 | Snake:4  | Reached skill level 21 in Axes
 34307 | Lair:6   | Entered Level 6 of the Lair of Beasts
 34986 | Snake:4  | Gained mutation: You passively map a large area around you. [Deep Dwarf growth]
 34986 | Snake:4  | Reached XP level 18. HP: 110/165 MP: 6/27
 35000 | Snake:4  | Got a serpentine rune of Zot
 35252 | Lair:2   | Bought a pair of pitted boots for 323 gold pieces
 35262 | Lair:2   | Identified the +2 pair of boots "Liuhiloz" {Int+4} (You bought it in a shop on level 2 of the Lair of Beasts)
 35265 | Lair:2   | Bought a pair of jewelled boots for 323 gold pieces
 35275 | Lair:2   | Identified the +1 pair of boots of Truth {rPois rF- Dex-2 SInv} (You bought it in a shop on level 2 of the Lair of Beasts)
 35601 | Elf:1    | Entered Level 1 of the Elven Halls
 35738 | Orc:2    | Noticed an Ice Fiend
 35895 | Elf:1    | Noticed Aizul
 35909 | Elf:1    | Killed Aizul
 36380 | Elf:1    | Found Jebogoe's Book Boutique.
 37175 | Elf:2    | Found a runed door.
 37211 | Elf:2    | Found a runed door.
 37243 | Elf:2    | Found a flickering gateway to a bazaar.
 37587 | Bazaar   | Entered a bazaar
 37587 | Bazaar   | Found Xeblev's Antique Armour Emporium.
 37587 | Bazaar   | Found Laemu's Gadget Shoppe.
 37587 | Bazaar   | Found Ashrunn's Gadget Emporium.
 37587 | Bazaar   | Found Powogi's Food Shoppe.
 37611 | Bazaar   | Bought a smoking plate armour for 364 gold pieces
 37626 | Bazaar   | Identified the +1 plate armour "Vesyem" {rCorr Int+7} (You bought it in a shop in a bazaar)
 37699 | Elf:3    | Entered Level 3 of the Elven Halls
 38169 | Elf:3    | Found Uliron's Assorted Antiques.
 38646 | Vaults:1 | Entered Level 1 of the Vaults
 38720 | Vaults:1 | Reached skill level 10 in Spellcasting
 38763 | Vaults:1 | Got a wavering golden amulet
 38765 | Vaults:1 | Identified the amulet "Omaff" {Regen+ Str+5 Slay+3} (You found it on level 1 of the Vaults)
 38995 | Vaults:1 | Reached skill level 10 in Armour
 39010 | Vaults:1 | Reached skill level 5 in Air Magic
 39024 | Vaults:1 | Reached skill level 22 in Axes
 39241 | Vaults:1 | Paralysed by a great orb of eyes for 4 turns
 39398 | Vaults:1 | Slain by an orc knight

Skill      XL: |  1  2  3  4  5  6  7  8  9 10 11 12 13 14 15 16 17 18 |
---------------+-------------------------------------------------------+-----
Spellcasting   | 2 3 4 6 9 10 | 10.3
Necromancy     | 5 6 7 8 11 13 15 16 | 16.1
Armour         | 2 3 4 7 10 | 10.2
Evocations     | 2 3 4 8 |  8.6
Fighting       | 4 6 8 11 | 11.9
Axes           | 1 5 9 12 15 17 19 21 22 | 22.0
Dodging        | 5 7 |  7.0
Charms         | 1 2 |  2.3
Poison Magic   | 1 2 |  2.3
Conjurations   | 1 2 |  2.4
Air Magic      | 1 4 5 |  5.1
Stealth        | |  2.4

Action                   |  1- 3 |  4- 6 |  7- 9 | 10-12 | 13-15 | 16-18 || total
-------------------------+-------+-------+-------+-------+-------+-------++-------
Melee: Dagger            |       |    38 |   285 |   112 |       |       ||   435
       Halberd           |       |       |       |   108 |       |       ||   108
       Battleaxe         |       |       |       |   331 |  1045 |  1052 ||  2428
       Hand axe          |       |       |       |    96 |     3 |       ||    99
Throw: Javelin           |       |       |       |    12 |    22 |       ||    34
 Cast: Pain              |    39 |    99 |   234 |    70 |       |     1 ||   443
       Vampiric Draining |       |    10 |    52 |   256 |   553 |   655 ||  1526
       Mephitic Cloud    |       |       |       |       |     1 |    29 ||    30
Invok: Call Merchant     |       |       |       |     3 |     2 |     3 ||     8
 Abil: Evoke Berserk Rag |       |       |       |     1 |       |       ||     1
Evoke: Wand              |       |       |     7 |    12 |    53 |     9 ||    81
       Lightning rod     |       |       |       |       |       |     4 ||     4
  Use: Scroll            |       |     1 |     1 |    25 |     6 |    16 ||    49
       Potion            |       |       |       |       |     3 |     2 ||     5
 Stab: Sleeping          |       |     5 |       |       |       |       ||     5
       Confused          |       |       |     2 |     2 |     1 |    29 ||    34
       Distracted        |       |       |     1 |     1 |     6 |     6 ||    14
  Eat: Chunk             |       |     2 |       |     6 |       |       ||     8
       Royal jelly       |       |     1 |     2 |     4 |     6 |     7 ||    20
       Meat ration       |       |     1 |     3 |     1 |     2 |     1 ||     8
       Fruit             |       |       |       |     1 |    20 |    22 ||    43
       Bread ration      |       |       |       |       |       |     2 ||     2
Armor: Leather armour    |       |    26 |     6 |       |       |       ||    32
       Scale mail        |       |       |    80 |   147 |       |       ||   227
       Chain mail        |       |       |       |   199 |       |       ||   199
       Ring mail         |       |       |       |    68 |   533 |   332 ||   933
       Plate armour      |       |       |       |       |       |    71 ||    71
Dodge: Dodged            |    10 |    53 |   170 |   727 |  1135 |   993 ||  3088
Block: Other             |       |     3 |    34 |    99 |   161 |   144 ||   441
       Reflection        |       |       |     2 |     7 |     2 |     9 ||    20
